 Dungeon Crawl Stone Soup version 0.20.1-1-g8b1a95d (webtiles) character file.

2430 Jazqa the Slinger (level 9, -10/63 HPs)
             Began as a Halfling Hunter on Oct 29, 2017.
             Mangled by a black mamba (12 damage)
             ... on level 1 of the Lair of Beasts.
             The game lasted 00:15:54 (8066 turns).

Jazqa the Slinger (Halfling Hunter)                 Turns: 8066, Time: 00:15:55

Health: -10/63     AC: 11    Str: 16    XL:     9   Next: 77%
Magic:  9/9        EV: 12    Int:  9    God:
Gold:   162        SH:  0    Dex: 15    Spells: 8/8 levels left

rFire    . . .     SeeInvis .   a - +2 hunting sling
rCold    . . .     Gourm    .   (shield restricted)
rNeg     + . .     Faith    .   G - +0 chain mail (curse)
rPois    .         Spirit   .   (helmet restricted)
rElec    .         Reflect  .   (no cloak)
rCorr    .         Harm     .   D - +1 pair of gloves of True Grit {rN+ Stlth+}
MR       +....                  e - +0 pair of boots
Stlth    ..........             (no amulet)
Regen    0.2/turn               M - ring of protection from magic
MPRegen  0.2/turn               (no ring)

@: no status effects
A: horns 1, mutation resistance 1
a: no special abilities


You were on level 1 of the Lair of Beasts.
You were hungry.

You visited 2 branches of the dungeon, and saw 9 of its levels.

You collected 390 gold pieces.
You spent 228 gold pieces at shops.


Innate Abilities, Weirdness & Mutations

You are small and have problems with some larger weapons.
You are somewhat resistant to further mutation.
You have a pair of small horns on your head.


   Skills:
 + Level 6.9 Fighting
 + Level 11.6 Slings
 + Level 2.0 Armour
 + Level 7.6 Dodging
 - Level 1.1 Stealth


You had 8 spell levels left.
You didn't know any spells.

Inventory:

Hand Weapons
 a - a +2 hunting sling (weapon)
 b - a +0 short sword
Missiles
 d - 69 sling bullets
 i - 85 stones (quivered)
 t - 2 tomahawks
Armour
 e - a +0 pair of boots (worn)
 q - a +3 leather armour of fire resistance
 C - a +0 ring mail of fire resistance
 D - the +1 pair of gloves of True Grit (worn) {rN+ Stlth+}
   (You bought it in a shop on level 5 of the Dungeon)

   It protects you from negative energy.
   It makes you more stealthy.
 G - a cursed +0 chain mail (worn)
Magical Staves
 o - an uncursed staff of fire {unknown}
Jewellery
 M - a ring of protection from magic (left hand)
Wands
 v - a wand of polymorph (15/24)
 y - a wand of paralysis (13/24)
 E - a wand of polymorph (8/24)
Scrolls
 g - a scroll of fear
 j - 5 scrolls of identify {@r1}
 p - 4 scrolls of enchant armour
 r - a scroll of teleportation {@r4}
 s - a scroll of magic mapping {unknown}
 u - a scroll of immolation {!r}
 B - a scroll of blinking
 F - a scroll of recharging
Potions
 c - a potion of resistance {unknown}
 h - a potion of brilliance
 l - a potion of mutation {!q}
 n - 3 potions of might {unknown}
 x - 4 potions of curing {@q1}
 z - a potion of agility
 A - a potion of haste {@q3}
Books
 m - a book of Minor Magic

   Spells                             Type                      Level
   a - Magic Dart                     Conjuration                  1
   b - Blink                          Translocation                2
   c - Call Imp                       Summoning                    2
   d - Slow                           Hexes                        2
   e - Conjure Flame                  Conjuration/Fire             3
   f - Mephitic Cloud                 Conjuration/Poison/Air       3
Comestibles
 f - 6 bread rations {@e1}
 k - 6 royal jellies {@e3}
 w - 5 fruits {@e2}

Dungeon Overview and Level Annotations

Branches:
Dungeon (8/15)               Lair (1/6) D:8
 Temple: D:4-7

Altars:
Cheibriados
Fedhas
Gozag
Kikubaaqudgha
Makhleb
Nemelex Xobeh
Sif Muna
Vehumet
Yredelemnul
Zin

Shops:
D:4 }   D:5 ([:[?   D:7 %[[

Annotations:
D:4 Thjof's ghost, amateur OpTm

#.....▒......
#.....▒......
##.....▒......
#.............
#......▒...... ..
##.........▒▒+▒.+
#...............
##...............
#........@.......
##.......S.......
#...............
#.###.#..▓▓▓▓▓▓▓
#.#....#(▓
#......#(▓
#.#>...#(▓
#..#....#(▓
#..##+###(▓


You could see a black mamba.


Message History

Aim: a black mamba (almost dead)
You shoot a stone.
The stone closely misses the black mamba.
The black mamba closely misses you.
Firing (i - inventory. (,) - cycle):
i - 88 stones (quivered)
Press: ? - help, Shift-Dir - straight line, f/p - black mamba
Aim: a black mamba (almost dead)
You shoot a stone. The stone misses the black mamba.
The black mamba bites you.
* * * LOW HITPOINT WARNING * * *
You are lethally poisoned!
The black mamba poisons you!
Firing (i - inventory. (,) - cycle):
i - 87 stones (quivered)
Press: ? - help, Shift-Dir - straight line, f/p - black mamba
Aim: a black mamba (almost dead)
You shoot a stone.
The stone hits the black mamba but does no damage.
The black mamba is almost dead.
* * * LOW HITPOINT WARNING * * *
You feel sick. The black mamba bites you.
* * * LOW HITPOINT WARNING * * *
The black mamba bites you but does no damage.
You feel better. The black mamba bites you!
* * * LOW HITPOINT WARNING * * *
Firing (i - inventory. (,) - cycle):
i - 86 stones (quivered)
Press: ? - help, Shift-Dir - straight line, f/p - black mamba
Aim: a black mamba (almost dead)
You shoot a stone. The stone misses the black mamba.
The black mamba bites you!
* * * LOW HITPOINT WARNING * * *
The black mamba bites you!
You die...

Skill      XL: |  1  2  3  4  5  6  7  8  9 |
---------------+----------------------------+-----
Fighting       | 2 3 4 5 6 |  6.9
Slings         | 6 7 8 9 10 11 | 11.6
Dodging        | 3 4 5 6 7 |  7.6
Armour         | 2 |  2.0
Stealth        | |  1.1

Action                   |  1- 3 |  4- 6 |  7- 9 || total
-------------------------+-------+-------+-------++-------
Melee: Short sword       |     2 |       |       ||     2
 Fire: Hunting sling     |    92 |   240 |   585 ||   917
  Use: Scroll            |       |     6 |     9 ||    15
       Potion            |       |     2 |     2 ||     4
  Eat: Chunk             |       |     9 |    11 ||    20
Armor: Leather armour    |     6 |    10 |    35 ||    51
       Ring mail         |       |     3 |    20 ||    23
       Chain mail        |       |       |     2 ||     2
Dodge: Dodged            |    10 |    45 |   180 ||   235

Vault maps used:
D:1:      sevenhm_arrival_forest_fort_small_3
D:2:      grunt_temple_overflow_growth_and_decay,
          gammafunk_temple_overflow_pools, first_bread
D:3:      grunt_temple_overflow_order_and_chaos_2, old_standard_altar,
          lemuel_round_altar, chequers_ecumenical_altar_lobes
D:4:      nicolae_overflow_hidden_temple, serial_shops,
          nicolae_shop_temple_entry_statues_fountains
D:5:      serial_shops, nicolae_shop_overgrown_old_shop, shop,
          kennysheep_little_box, shop_coins, shop
D:6:      nemelex_altar_shiori
D:7:      minmay_temple_entry_glassed_door, serial_shops, shop,
          nicolae_shop_crystal, nicolae_shop_competitors_out_of_business
D:8:      lair_entry_dummy, kennysheep_opposing_triangles
Lair:1:   cheibrodos_lair_river_kwai, lab_entry_generic, basic_altar,
          grunt_megastairs_2, infiniplex_staircase_pool_2

Notes
Turn   | Place    | Note
-------+----------+-------------------------------------------
     0 | D:1      | Jazqa the Halfling Hunter began the quest for the Orb.
     0 | D:1      | Reached XP level 1. HP: 14/14 MP: 1/1
    50 | D:1      | Reached skill level 2 in Fighting
    63 | D:1      | Reached skill level 6 in Slings
    66 | D:1      | Reached XP level 2. HP: 19/19 MP: 2/2
   339 | D:1      | Reached XP level 3. HP: 24/25 MP: 3/3
   967 | D:2      | Found an ancient bone altar of Kikubaaqudgha.
   969 | D:2      | Found a blossoming altar of Fedhas.
  1103 | D:2      | Reached XP level 4. HP: 30/30 MP: 4/4
  1385 | D:2      | Found a basalt altar of Yredelemnul.
  1389 | D:2      | Found a radiant altar of Vehumet.
  1548 | D:3      | Reached skill level 7 in Slings
  1663 | D:3      | Reached skill level 3 in Fighting
  1713 | D:3      | Found a sparkling altar of Nemelex Xobeh.
  1786 | D:3      | Reached XP level 5. HP: 35/36 MP: 5/5
  1813 | D:3      | Found a snail-covered altar of Cheibriados.
  2003 | D:3      | Reached skill level 3 in Dodging
  2040 | D:3      | Found a faded altar of an unknown god.
  2271 | D:3      | Found a burning altar of Makhleb.
  2273 | D:3      | Found a glowing silver altar of Zin.
  2273 | D:3      | Noticed an angel
  2274 | D:3      | Noticed a cacodemon
  2325 | D:4      | Found an opulent altar of Gozag.
  2328 | D:4      | Found a deep blue altar of Sif Muna.
  2342 | D:4      | Reached XP level 6. HP: 42/42 MP: 6/6
  2353 | D:4      | Found Okif's Gadget Boutique.
  2443 | D:4      | Noticed Thjof's ghost (amateur OpTm)
  2724 | D:4      | Reached skill level 8 in Slings
  3298 | D:4      | Noticed an ogre
  3303 | D:4      | Gained mutation: You have a pair of small horns on your head. [potion of mutation]
  3867 | D:5      | Entered Level 5 of the Dungeon
  3879 | D:5      | Found Toenar's Magic Scroll Shop.
  3916 | D:5      | Reached skill level 4 in Dodging
  3948 | D:5      | Found Kodam's Book Shoppe.
  4008 | D:5      | Reached skill level 4 in Fighting
  4019 | D:5      | Reached XP level 7. HP: 27/48 MP: 7/7
  4096 | D:5      | Found Sumn's Antique Weapon Emporium.
  4247 | D:6      | Reached skill level 9 in Slings
  4247 | D:6      | Reached skill level 5 in Dodging
  4372 | D:5      | Found Vakoquzika's Antique Armour Emporium.
  4391 | D:5      | Reached XP level 8. HP: 39/54 MP: 8/8
  4414 | D:5      | Reached skill level 5 in Fighting
  4531 | D:5      | Found Nienoom's Antique Armour Shop.
  5104 | D:6      | Found a sparkling altar of Nemelex Xobeh.
  5191 | D:6      | Reached skill level 10 in Slings
  5191 | D:6      | Reached skill level 6 in Dodging
  5545 | D:5      | Reached XP level 9. HP: 14/62 MP: 9/9
  5910 | D:5      | Reached skill level 6 in Fighting
  6277 | D:5      | Reached skill level 11 in Slings
  6277 | D:5      | Reached skill level 7 in Dodging
  6650 | D:5      | Bought a pair of crude gloves for 228 gold pieces
  6660 | D:5      | Identified the +1 pair of gloves of True Grit {rN+ Stlth+} (You bought it in a shop on level 5 of the Dungeon)
  6932 | D:7      | Found Caesaud's Food Boutique.
  7012 | D:7      | Found Emibburak's Armour Shoppe.
  7012 | D:7      | Noticed a two-headed ogre
  7116 | D:7      | Found Oginatur's Armour Emporium.
  7597 | D:8      | Found a staircase to the Lair.
  7613 | D:8      | Reached skill level 1 in Armour
  7728 | D:8      | Noticed a two-headed ogre
  7782 | Lair:1   | Entered Level 1 of the Lair of Beasts
  8023 | Lair:1   | Reached skill level 2 in Armour
  8049 | Lair:1   | Noticed a black mamba
  8066 | Lair:1   | HP: 2/63 [black mamba (8)]
  8066 | Lair:1   | Mangled by a black mamba

Vanquished Creatures
  A porcupine (Lair:1)
  2 orc warriors (D:6)
  2 phantoms (D:6)
  An ice beast (D:5)
  2 sky beasts
  2 centaurs
  An ogre (D:6)
  A water moccasin zombie (D:7)
  2 scorpions
  A water moccasin skeleton (D:8)
  A killer bee (Lair:1)
  2 howler monkeys (D:6)
  2 crimson imps
  A hound (D:5)
  A jelly (D:6)
  A bullfrog skeleton (D:7)
  5 orc priests
  A gnoll shaman (D:4)
  8 orc wizards
  6 iguanas
  A worker ant (D:5)
  2 hound zombies
  A hound skeleton (D:7)
  8 gnolls
  9 adders
  A howler monkey skeleton (D:6)
  An ooze (D:2)
  2 adder skeletons
  A worm (D:2)
  A dart slug (D:5)
  4 leopard geckos
  43 orcs
  7 giant cockroaches
  7 goblins
  7 hobgoblins
  4 jackals
  5 kobolds
  2 quokkas
  3 ball pythons
  6 bats
  8 frilled lizards
  A leopard gecko skeleton (D:5)
  A leopard gecko zombie (D:6)
  10 rats
178 creatures vanquished.

Vanquished Creatures (others)
  2 plants (Lair:1)
2 creatures vanquished.

Grand Total: 180 creatures vanquished
